 Dungeon Crawl Stone Soup version 0.29.0-7-g18a832c13a (webtiles) character file.

Game seed: 10873260876426828311

194 sanka the Stinger (level 5, 0/42 HPs)
             Began as a Palentonga Venom Mage on Aug 31, 2022.
             Was an Initiate of Gozag.
             Slain by a black bear (6 damage)
             ... on level 4 of the Dungeon.
             The game lasted 00:05:59 (4886 turns).

sanka the Stinger (Palentonga Venom Mage)           Turns: 4886, Time: 00:06:00

Health: 0/42       AC:  4    Str: 14    XL:     5   Next: 44%
Magic:  1/8        EV: 13    Int: 17    God:    Gozag
Gold:   204        SH:  0    Dex: 10    Spells: 5/8 levels left

rFire   . . .      SeeInvis +   (no weapon)
rCold   . . .      Faith    .   (no shield)
rNeg    . . .      Spirit   .   a - +0 robe
rPois   .          Reflect  .   (no helmet)
rElec   .          Harm     .   (no cloak)
rCorr   .          Rampage  .   (no gloves)
Will    .....                   (no barding)
Stlth   +.........              (no amulet)
HPRegen 0.14/turn               s - ring of flight
MPRegen 0.11/turn               l - +4 ring of evasion

@: flying, very slightly contaminated
A: large, rugged brown scales 3, see invisible, deformed body, roll 1, armoured
tail
a: Rolling Charge, Renounce Religion, Potion Petition, Call Merchant, Bribe
Branch


You were on level 4 of the Dungeon.
You worshipped Gozag.
Gozag was aware of your devotion.
You visited 1 branch of the dungeon, and saw 4 of its levels.

You collected 204 gold pieces.


Innate Abilities, Weirdness & Mutations

You are completely covered in rugged brown scales. (AC +3, +7% HP)
You have supernaturally acute eyesight. (SInv)
Armour fits poorly on your strangely shaped body.
You can roll at nearby foes to attack.
You have a long armoured tail.


   Skills:
 + Level 2.9 Fighting
 - Level 1.5 Dodging
 - Level 1.2 Stealth
 - Level 2.0 Spellcasting
 - Level 1.0 Transmutations
 - Level 3.0 Air Magic
 - Level 3.0 Poison Magic


You had 5 spell levels left.
You knew the following spells:

 Your Spells              Type           Power      Damage    Failure   Level
y - Poisonous Vapours     Pois/Air       22%        N/A       9%          2
z - Sting                 Tmut/Pois      32%        1d4       9%          1

Your spell library contained the following spells:

 Spells                   Type           Power      Damage    Failure   Level
 Necrotise                Necr           4%         1d4       19%         1
 Summon Small Mammal      Summ           4%         N/A       19%         1
 Mephitic Cloud           Conj/Pois/Air  8%         N/A       26%         3
 Call Canine Familiar     Summ           1%         N/A       50%         3
 Inner Flame              Hex/Fire       1%         N/A       50%         3
 Summon Guardian Golem    Hex/Summ       1%         N/A       50%         3
 Vampiric Draining        Necr           1%         2d6       50%         3
 Olgreb's Toxic Radiance  Pois           11%        N/A       50%         4
 Cause Fear               Hex            0%         N/A       88%         4
 Agony                    Necr           1%         N/A       99%         5
 Orb of Destruction       Conj           0%         9d5       100%        7
 Spellforged Servitor     Conj/Summ      0%         N/A       100%        7
 Discord                  Hex            0%         N/A       100%        8

Inventory:

Missiles
 r - 3 javelins
Armour
 a - a +0 robe (worn)
 n - a +0 cloak
Jewellery
 c - a ring of fire
 l - a +4 ring of evasion (right hand)
 s - a ring of flight (left hand)
 t - a ring of protection from cold
Wands
 j - a wand of polymorph (4)
 o - a wand of roots (6)
Scrolls
 e - a scroll of vulnerability {unknown}
 g - 3 scrolls of butterflies {unknown}
 h - 4 scrolls of identify {unknown}
 p - a scroll of teleportation {unknown}
 q - a scroll of blinking {unknown}
Potions
 b - a potion of magic
 d - 2 potions of resistance {unknown}
 f - 2 potions of ambrosia {unknown}
 i - 2 potions of haste {unknown}
 k - a potion of attraction {unknown}
 m - a potion of lignification {unknown}

Dungeon Overview and Level Annotations

Branches:
Dungeon (4/15)
 Temple: D:4-7

Altars:
Gozag
Ru

Shops:
D:1

( ▒▒▒▒▒▒▒▒▒▒▒▒▒▒▒▒ ▒▒ ......
................▒ ▒.. ......
................▒▒▒...
.............................
................Hh...........
................▒▒▒▒.........
...▒▒.▒▒.....................
..................▒..........
....▒.▒▒........▒.▒..........
......................▒▒▒....
.........£...................
....▒.▒..▒<▒▒▒▒...▒<▒...▒+▒..
.▒▒▒▒....▒.▒ ▒▒▒.▒▒▒........


You could see a black bear (berserk).


Message History

You hit the black bear but do no damage.
The black bear is almost dead.
The black bear bites you! The black bear claws you.
* * * LOW HITPOINT WARNING * * *
The black bear misses you.
The black bear bites you but does no damage.
The black bear claws you.
* * * LOW HITPOINT WARNING * * *
The black bear claws you.
* * * LOW HITPOINT WARNING * * *
Unknown command.
You miscast Poisonous Vapours.
You are very lightly contaminated with residual magic.
Nothing appears to happen.
The black bear bites you.
* * * LOW HITPOINT WARNING * * *
The black bear claws you but does no damage.
The black bear misses you.
Unknown command.
The black bear misses you. The black bear claws you.
* * * LOW HITPOINT WARNING * * *
The black bear barely misses you.
You closely miss the black bear.
The black bear is severely wounded.
The black bear looks more healthy.
The black bear bites you.
You die...
Your body crumbles into a pile of gold.

Action                   |  1- 3 |  4- 6 || total
-------------------------+-------+-------++-------
Melee: Unarmed           |    89 |    37 ||   126
       Tailslap          |    16 |     3 ||    19
 Cast: Sting             |    75 |    33 ||   108
       Poisonous Vapours |       |    12 ||    12
Armor: Robe              |    53 |    19 ||    72
Dodge: Dodged            |    67 |    40 ||   107

Levels and vault maps discovered:
D:1:      dpeg_arrival_simpleton_b, layout_basic, serial_shops,
          nicolae_shop_stone
D:2:      layout_rooms, hellmonk_ecumenical_altar_leap_of_faith, serial_curves,
          eino_curves_01, eino_curves_02, nicolae_concentric_dashed_squares_wild
D:3:      minmay_angry_zag, layout_basic, nicolae_ru_sacrificial_ziggurat,
          roderic_lattice_a, uniq_natasha
D:4:      layout_basic, dreamdust_wishing_well

Notes
Turn   | Place    | Note
-------+----------+-------------------------------------------
     0 | D:1      | sanka the Palentonga Venom Mage began the quest for the
                  | Orb.
     0 | D:1      | Reached XP level 1. HP: 13/13 MP: 3/3
   219 | D:1      | Reached XP level 2. HP: 18/20 MP: 3/5
   221 | D:1      | Reached skill level 3 in Poison Magic
   488 | D:1      | Reached skill level 1 in Air Magic
   771 | D:1      | Learned a level 2 spell: Poisonous Vapours
  1025 | D:1      | Reached XP level 3. HP: 14/25 MP: 2/6
  1187 | D:1      | Found Ixiupu's Weapon Boutique.
  1616 | D:2      | Reached skill level 2 in Air Magic
  2021 | D:2      | Found a faded altar of an unknown god.
  2783 | D:3      | Reached XP level 4. HP: 32/32 MP: 5/7
  3252 | D:3      | Reached skill level 3 in Air Magic
  3279 | D:3      | Noticed Natasha
  3285 | D:3      | Killed Natasha
  3286 | D:3      | Reached skill level 1 in Fighting
  3411 | D:3      | Noticed Natasha
  3420 | D:3      | Killed Natasha
  3421 | D:3      | Reached skill level 2 in Fighting
  3421 | D:3      | Reached XP level 5. HP: 25/40 MP: 0/8
  3569 | D:3      | Noticed Natasha
  3575 | D:3      | Killed Natasha
  3789 | D:3      | Found a sacrificial altar of Ru.
  4118 | D:4      | Noticed a steam dragon
  4189 | D:2      | Prayed at the altar of an unknown god.
  4189 | D:2      | Became a worshipper of Gozag Ym Sagoz the Greedy
  4595 | D:4      | Noticed a black bear
  4886 | D:4      | Slain by a black bear

Vanquished Creatures
  An iguana (D:3)
  Natasha (thrice) (D:3)
  3 adders
  A worm (D:3)
  An orc (D:3)
  12 ball pythons
  5 bats
  10 endoplasms
  4 giant cockroaches
  5 goblins
  7 hobgoblins
  A quokka (D:2)
  A frilled lizard (D:2)
  9 kobolds
  8 rats
71 creatures vanquished.

Vanquished Creatures (others)
  A goblin (D:4)
  A kobold (D:4)
2 creatures vanquished.

Grand Total: 73 creatures vanquished
